AoeStats
← NumberSwing5845

Hideout

508038349Analyzed
1v1 RM · 10d ago on Sep 20, 2026· 57m 55s· 2 players
Game mode
Random Map
Map size
Tiny (2 player)
Population
200
Speed
Normal
Resources
Standard
Victory
Conquest
Starting age
Dark Age
Ending age
Imperial Age
RankedLock teamsTeams togetherTeam positionsShared explorationLock speedFull tech treeHidden civsTurbo modeCheats
Victory
Defeat
🇩🇪 Vietnamese · Germany
465
+17
🇺🇸 Bohemians · United States
487
-17
NumberSwing5845
8:43 Loom
11:39 Feudal Age
9:57 Loom
12:28 Horse Collar
12:38 Double-Bit Axe
13:45 Wheelbarrow
13:08 Town Watch
16:58 Gold Mining
17:42 Fletching
17:53 Padded Archer Armor
21:53 Castle Age
22:13 Elite Skirmisher
22:23 Pikeman
23:14 Squires
24:31 Bodkin Arrow
24:58 Forging
26:17 Heavy Plow
26:31 Bow Saw
26:46 Leather Archer Armor
27:51 Town Patrol
30:02 Ballistics
32:27 Iron Casting
35:36 Stone Mining
39:37 Imperial Age
37:23 Hand Cart
40:30 Bloodlines
41:55 Chemistry
41:39 Bracer
42:13 Imperial Skirmisher
43:01 Thumb Ring
44:13 Crop Rotation
44:37 Ring Archer Armor
44:46 Chatras
47:11 Hoardings
51:02 Two-Man Saw
50:55 Murder Holes
50:30 Halberdier
54:14 Elite Rattan Archer
EnemyOfGod
3:11 Loom
5:50 Loom
12:23 Feudal Age
18:43 Castle Age
23:50 Chemistry
23:01 Horse Collar
23:11 Double-Bit Axe
30:32 Imperial Age
31:48 Light Cavalry
32:23 Town Watch
34:36 Cavalier
35:45 Heavy Plow
36:01 Bow Saw
37:32 Husbandry
42:35 Treadmill Crane
43:11 Fortified Wall
42:59 Murder Holes
46:11 Two-Man Saw
45:01 Pikeman
45:02 Man-at-Arms
45:43 Squires
45:29 Arson
47:47 Halberdier
52:49 Wagenburg Tactics
53:07 Conscription
53:35 Forging
53:26 Scale Mail Armor
53:26 Padded Archer Armor
53:18 Fletching
53:34 Scale Barding Armor
Connection lost

Rejoining the realm…

Still unreachable

The connection could not be restored.

Session expired

The server has moved on; the page needs a fresh start.